Cogmind - Beta 17 @@@ ROGUE MODE // 2026.08.02 @ 18:45:35 Player: dispear Result: Destroyed by S-43 Plague with Heavy Machine Gun Performance ------------- Evolutions (8) 4000 Regions Visited (13) 2600 Robots Destroyed (44) 220 Value Destroyed (1404) 1404 Prototype IDs (8) 160 Alien Tech Used (0) 0 Bonus (200) 200 TOTAL SCORE: 8584 Bonus ------- Pacifist 200 Cogmind --------- Core Integrity 0/1450 Matter 150/300 Energy 24/100 System Corruption 28% Temperature Cool (62) Movement Core (50) Location -2/Research Parts ------- > --- POWER (3) -------- (None) > --- PROPULSION (7) --- (None) > --- UTILITY (10) ----- (None) > --- WEAPON (3) ------- (None) > --- INVENTORY (5) ---- Centrium Leg Centrium Leg Centrium Leg Peak State ------------ > --- POWER ------------ Particle Reactor Micro Antimatter Reactor Quantum Reactor > --- PROPULSION ------- Combat Linear Gravjet Combat Linear Gravjet Combat Linear Gravjet Combat Linear Gravjet Combat Linear Gravjet Combat Linear Gravjet Combat Linear Gravjet > --- UTILITY ---------- Advanced Power Amplifier Experimental Power Amplifier Advanced Heat Sink Advanced Heat Sink Advanced Heat Sink Advanced Heat Sink Energy Well Advanced Target Analyzer Heavy Armor Plating > --- WEAPON ----------- Quantum Rifle Enhanced Quantum Rifle Nova Cannon > --- INVENTORY -------- Particle Reactor Advanced Weight Redist. System Gamma Rifle Railgun Micro-nuke Launcher [Rating: 170] Favorites ----------- Power Micro Antimatter Reactor Engine Ion Engine Power Core Light Nuclear Core Reactor Micro Antimatter Reactor Propulsion Combat Linear Gravjet Leg Improved Aluminum Leg Hover Unit Combat Linear Gravjet Flight Unit Xenon Bombardment Thruster Utility Advanced Heat Sink Device Advanced Heat Sink Storage Energy Well Processor Signal Interpreter Hackware Hacking Suite Protection Improved Light Armor Plating Weapon Gatling Laser Energy Gun Gatling Laser Energy Cannon Nova Cannon Ballistic Gun Light Assault Rifle Ballistic Cannon Assault Cannon Launcher Micro-nuke Launcher Special Melee Weapon Advanced Datajack Build | -11 -10 -9 -9 -8 -7 -7 -7 -6 -5 -4 -3 -3 -2 ------- Run | Yrd Mat Mat Min Mat Fac Low Low Fac Fac Fac Res Arm Res Slots Evolved 16 | . . 2 . 2 2 . . 2 2 2 2 . 2 Power 2 | . . . . . 1 . . . 1 . . . . Propulsion 5 | . . 2 . 1 . . . . . . 1 . 1 Utility 8 | . . . . 1 1 . . 2 1 1 1 . 1 Weapon 1 | . . . . . . . . . . 1 . . . Parts Attached 112 | 6 6 14 . 14 10 . 1 10 . 6 4 26 15 Power 21 | 1 1 1 . 2 2 . . 2 . 2 . 7 3 Engine 10 | 1 1 1 . 1 2 . . 2 . 2 . . . Core 2 | . . . . 1 . . . . . . . 1 . Reactor 9 | . . . . . . . . . . . . 6 3 Propulsion 41 | 2 2 11 . 3 3 . 1 5 . 2 1 7 4 Treads . | . . . . . . . . . . . . . . Leg 9 | 2 2 2 . . . . . . . . . . 3 Wheel . | . . . . . . . . . . . . . . Hover 13 | . . 4 . . . . . 1 . . . 7 1 Flight 19 | . . 5 . 3 3 . 1 4 . 2 1 . . Utility 29 | 1 1 1 . 5 3 . . 3 . 2 1 9 3 Device 13 | . . . . 1 . . . 3 . . . 6 3 Storage 4 | 1 . 1 . . . . . . . 1 . 1 . Processor 5 | . 1 . . 1 1 . . . . . 1 1 . Hackware 1 | . . . . 1 . . . . . . . . . Protection 6 | . . . . 2 2 . . . . 1 . 1 . Artifact . | . . . . . . . . . . . . . . Weapon 21 | 2 2 1 . 4 2 . . . . . 2 3 5 Energy Gun 8 | . 2 . . . 2 . . . . . . 2 2 Energy Cannon 4 | . . . . . . . . . . . 1 . 3 Ballistic Gun 6 | 2 . 1 . 3 . . . . . . . . . Ballistic Cannon 1 | . . . . 1 . . . . . . . . . Launcher 1 | . . . . . . . . . . . . 1 . Special Weapon . | . . . . . . . . . . . . . . Impact Weapon . | . . . . . . . . . . . . . . Slashing Weapon . | . . . . . . . . . . . . . . Piercing Weapon . | . . . . . . . . . . . . . . Special Melee Weapon 1 | . . . . . . . . . . . 1 . . Unidentified Prototypes 2 | . . . . 1 . . . . . . . 1 . Parts Lost 52 | . . 7 . 2 . . . 7 2 2 1 3 28 Power 10 | . . . . . . . . . 1 1 . 2 6 Propulsion 20 | . . 4 . 2 . . . 5 1 1 1 . 6 Utility 11 | . . . . . . . . 1 . . . 1 9 Weapon 11 | . . 3 . . . . . 1 . . . . 7 Highest Loss Streak 16 | . . 4 . 2 . . . 4 2 2 1 2 16 To Critical Strikes 1 | . . 1 . . . . . . . . . . . Average Backups 4 | . 2 4 5 4 4 5 5 4 4 3 4 3 3 Power . | . 1 . . . . . . 1 2 2 . . . Propulsion . | . . . . 1 2 2 2 1 . . . 1 . Utility 1 | . . 3 4 3 2 3 3 . 1 . 1 1 . Weapon . | . . . 1 . . . . . . . . 1 1 Tool/Special . | . . . . . . . . . . . . . . Unused Backups 10 | . . 2 . 1 . . . 2 2 1 . 1 1 Power . | . . . . . . . . . . . . . . Propulsion 2 | . . 2 . . . . . . . . . . . Utility 7 | . . . . 1 . . . 1 2 1 . 1 1 Weapon 1 | . . . . . . . . 1 . . . . . Tool/Special . | . . . . . . . . . . . . . . Average Slot Usage (%) 69 | . 94 86 44 79 94 100 100 50 16 9 23 56 79 Engine 5 | . 14 10 . 2 9 15 15 7 4 2 4 1 . Reactor 3 | . . . . . . . . . . . . 9 9 Leg 6 | . 28 28 . . . . . . . . . . 2 Hover 8 | . . 5 . . . . . . . . . 22 24 Flight 12 | . . 3 44 37 37 38 38 17 10 6 9 1 . Device 7 | . . . . 2 7 7 7 7 . . . 9 21 Storage 3 | . 14 10 . 2 . . . . . . . . 3 Processor 4 | . 8 10 . 1 1 7 7 3 . . 2 4 4 Hackware 2 | . . . . 7 7 7 7 3 . . . . . Protection 3 | . . . . 5 13 7 7 3 . . 4 2 2 Energy Gun 6 | . 1 14 . . 12 15 15 5 . . . 1 6 Ballistic Gun 2 | . 26 3 . 12 1 . . . . . . . . Peak Build Rating 170 | 6 12 16 8 32 47 47 47 59 14 53 82 156 170 Average Rating 56 | 4 7 12 8 22 40 47 46 28 13 20 55 101 139 On Entrance 33 | . 6 11 8 8 32 47 47 47 13 6 45 55 146 Avg Prop Armor Cover (%) 9 | . . 9 . 10 . . . . 15 18 . 2 22 Naked Turns 145 | . . 6 . . . . . 121 . 13 . . 5 Heaviest Build 100 | 11 16 31 . 21 33 29 29 42 7 29 42 80 100 Greatest Support 107 | 20 26 52 16 25 33 33 36 36 14 30 46 84 107 Greatest Overweight (x) 6 | . . 6 . 1 . . . 1 . . . 2 1 Average Overweight (x) . | . . . . . . . . . . . . . . Largest Inventory Capacity 15 | 8 8 15 5 8 5 5 5 5 5 5 5 5 5 Average Capacity 6 | 7 8 13 5 5 5 5 5 5 5 5 5 5 5 Most Carried 9 | 1 8 9 5 5 5 5 5 5 5 5 5 5 5 Average Carried 4 | . 2 4 5 4 4 5 4 4 4 3 4 4 3 Final Capacity 8 | 8 8 5 5 5 5 5 5 5 5 5 5 5 5 Final Carried 5 | 1 5 5 5 5 5 5 5 3 5 2 5 5 3 Class Distribution -------------------- 60% | Mutant 24% | Sprinter 13% | Scavenger-Gunner Dominant Class ---------------- Mutant | -10/Materials Mutant | -9/Materials Mutant | -9/Mines Sprinter | -8/Materials Sprinter | -7/Factory Sprinter | -7/Lower Caves Sprinter | -7/Lower Caves Mutant | -6/Factory Mutant | -5/Factory Mutant | -4/Factory Mutant | -3/Research Mutant | -3/Armory Scavenger-Gunner | -2/Research Resources | -11 -10 -9 -9 -8 -7 -7 -7 -6 -5 -4 -3 -3 -2 ----------- Run | Yrd Mat Mat Min Mat Fac Low Low Fac Fac Fac Res Arm Res Matter Collected 1746 | 237 . 172 . 115 133 107 65 107 . . . 740 70 Remotely . | . . . . . . . . . . . . . . Salvage Created 1390 | . . 630 . 184 14 . . 45 . . . 167 350 Parts 101 | . . 45 . 6 . . . 3 . . . 18 29 Haulers Intercepted . | . . . . . . . . . . . . . . Recyclers Shooed 1 | . . 1 . . . . . . . . . . . Parts Field Recycled . | . . . . . . . . . . . . . . Retrieved Matter . | . . . . . . . . . . . . . . Parts Self-Destructed 4 | . . . . . . 4 . . . . . . . Prevented 1 | . . . . . . 1 . . . . . . . Parts Restored . | . . . . . . . . . . . . . . Kills | -11 -10 -9 -9 -8 -7 -7 -7 -6 -5 -4 -3 -3 -2 ------- Run | Yrd Mat Mat Min Mat Fac Low Low Fac Fac Fac Res Arm Res Combat Hostiles Destroyed 32 | . . 15 . 4 . . . 2 . . . 5 6 Guns 22 | . . 13 . 4 . . . 2 . . . 2 1 Cannons 4 | . . . . . . . . . . . . 2 2 AOE 6 | . . 2 . . . . . . . . . 1 3 Classes Destroyed 10 | . . 7 . 2 . . . . . . . 1 . Worker 2 | . . 1 . . 1 . . . . . . . . Builder 3 | . . 1 . . . . . . . . . . 2 Recycler 1 | . . 1 . . . . . . . . . . . Operator 1 | . . . . 1 . . . . . . . . . Watcher 5 | . . 4 . . . . . . . . . . 1 Swarmer 17 | . . 9 . . . . . 2 . . . 3 3 Grunt 7 | . . 4 . 3 . . . . . . . . . Sentry 3 | . . 2 . . . . . . . . . 1 . Hunter 2 | . . . . 1 . . . . . . . . 1 Programmer 3 | . . . . . . . . . . . . 1 2 Best Kill Streak 6 | . . 6 . 4 1 . . 2 . . . 2 4 Combat Bots Only 5 | . . 5 . 4 . . . 2 . . . 2 3 Max Kills in Single Turn 4 | . . 1 . 1 1 . . 1 . . . 1 4 Gunslinging . | . . . . . . . . . . . . . . Exploded 3 | . . 1 . . . . . . . . . 1 3 Melee . | . . . . . . . . . . . . . . Uniques/NPCs Destroyed . | . . . . . . . . . . . . . . Combat | -11 -10 -9 -9 -8 -7 -7 -7 -6 -5 -4 -3 -3 -2 -------- Run | Yrd Mat Mat Min Mat Fac Low Low Fac Fac Fac Res Arm Res Hostile Shots Fired 1004 | . . 133 2 40 63 22 . 121 19 96 16 86 406 Missed 432 | . . 46 2 17 39 13 . 46 11 56 10 31 161 Hits 572 | . . 87 . 23 24 9 . 75 8 40 6 55 245 Projectile 572 | . . 87 . 23 24 9 . 75 8 40 6 55 245 AOE 19 | . . . . . . . . . . . 2 16 1 Critical Strikes 13 | . . 2 . . . 1 . . . 1 . 2 7 Part Disruptions 2 | . . . . . . . . . 1 . . . 1 Damage Taken 11607 | . . 821 . 289 204 178 . 1282 198 639 286 1941 5769 Core 3442 | . . 208 . 27 38 98 . 695 125 338 73 385 1455 Absorbed by Shields 20 | . . . . . . . . . . . . 20 . Redirected to Shielding 6 | . . . . . 6 . . . . . . . . Regen/Repaired (Parts) 255 | . . . . . 18 . . . . . . . 237 Core Remaining (%) 73 | 100 100 . 48 95 . . 80 18 87 70 . 64 . Volleys Fired 123 | 1 . 59 . 18 3 . . 6 . . . 20 16 Largest 3 | 2 . 2 . 2 2 . . 1 . . . 1 3 Hottest 279 | 40 . 90 . 60 160 . . 80 . . . 113 279 Shots Fired 193 | 2 . 84 . 31 6 . . 6 . . . 20 44 Gun 161 | 2 . 84 . 30 6 . . 6 . . . 5 28 Cannon 25 | . . . . 1 . . . . . . . 9 15 Launcher 7 | . . . . . . . . . . . . 6 1 Special . | . . . . . . . . . . . . . . Kinetic 67 | 2 . 34 . 31 . . . . . . . . . Thermal 61 | . . . . . 6 . . 6 . . . 9 40 Explosive 7 | . . . . . . . . . . . . 6 1 Electromagnetic 58 | . . 50 . . . . . . . . . 5 3 Robot Hit Streak 12 | 1 . 12 . 11 4 . . 8 . . . 5 6 Robot Miss Streak 5 | 1 . 5 . 2 3 . . 2 . . . 2 4 Penetration Max . | . . . . . . . . . . . . . . Secondary Targets 1 | . . 1 . . . . . . . . . . . Max Gunslinging Chain 1 | . . 1 . . . . . . . . . . . Shots Hit Robots 138 | 1 . 55 . 27 4 . . 6 . . 5 14 26 Core Hits 82 | . . 33 . 15 2 . . 5 . . . 14 13 Critical Kills . | . . . . . . . . . . . . . . Critical Parts Destroyed . | . . . . . . . . . . . . . . Critical Strikes 1 | . . . . . . . . . . . . . 1 Corrupt 1 | . . . . . . . . . . . . . 1 Melee Attacks 5 | . . . . . . . . . . . 5 . . Impact . | . . . . . . . . . . . . . . Slashing . | . . . . . . . . . . . . . . Piercing . | . . . . . . . . . . . . . . Sneak Attacks 4 | . . . . . . . . . . . 4 . . Combat Hostiles . | . . . . . . . . . . . . . . Follow-up Attacks . | . . . . . . . . . . . . . . Damage Inflicted 3758 | 17 . 759 . 407 98 . . 126 . . . 869 1482 Guns 1914 | 15 . 686 . 407 98 . . 104 . . . 69 535 Cannons 737 | . . . . . . . . . . . . 267 470 Explosions 1058 | . . 73 . . . . . . . . . 509 476 Melee . | . . . . . . . . . . . . . . Ramming 49 | 2 . . . . . . . 22 . . . 24 1 Kinetic 578 | 15 . 156 . 407 . . . . . . . . . Thermal 1522 | . . 73 . . 98 . . 104 . . . 267 980 Explosive 985 | . . . . . . . . . . . . 509 476 Electromagnetic 624 | . . 530 . . . . . . . . . 69 25 Impact . | . . . . . . . . . . . . . . Slashing . | . . . . . . . . . . . . . . Piercing . | . . . . . . . . . . . . . . Highest Corruption 28 | . . . . . . . . . . 2 . 3 28 Average Corruption 6 | . . . . . . . . . . 2 . 2 10 Corruption Purged . | . . . . . . . . . . . . . . Corruption Blocked . | . . . . . . . . . . . . . . Effects 15 | . . . . . . . . . . . . 2 13 Message Errors 4 | . . . . . . . . . . . . 1 3 Matter Fused 7 | . . . . . . . . . . . . 1 6 Heat Flow Errors 1 | . . . . . . . . . . . . . 1 Misfires 1 | . . . . . . . . . . . . . 1 Misdirections 2 | . . . . . . . . . . . . . 2 Overload Shots . | . . . . . . . . . . . . . . Overflow Damage 257 | . . . . . . . . . . . . 75 182 Projectiles 76 | . . . . . . . . . . . . . 76 Explosions 172 | . . . . . . . . . . . . 66 106 Melee 9 | . . . . . . . . . . . . 9 . Knockbacks . | . . . . . . . . . . . . . . Impact . | . . . . . . . . . . . . . . Kinetic . | . . . . . . . . . . . . . . Secondary . | . . . . . . . . . . . . . . Self-Inflicted Damage 107 | . . 25 . . . . . 10 . . . 72 . Shots 2 | . . 1 . . . . . . . . . 1 . Rammed 5 | . . . . . . . . 2 . 1 . 1 1 Targets Rammed 6 | 1 . . . . . . . 2 . 1 . 1 1 Kicked 1 | 1 . . . . . . . . . . . . . Crushed . | . . . . . . . . . . . . . . Highest Temperature 432 | . . 198 . 17 54 6 . 53 . . 8 432 412 Average Temperature 92 | . . 49 . 6 27 6 . 17 . . 8 122 130 Received Heat Transfer 954 | . . 150 . 126 75 54 . 84 27 27 21 72 318 Effects 15 | . . . . . . . . . . . . 13 2 Shutdowns 8 | . . . . . . . . . . . . 6 2 Energy Bleed 1 | . . . . . . . . . . . . 1 . Interference 5 | . . . . . . . . . . . . 5 . Damage (minor) 1 | . . . . . . . . . . . . 1 . Siege Activations . | . . . . . . . . . . . . . . Martial Activations . | . . . . . . . . . . . . . . Shielding Activations . | . . . . . . . . . . . . . . Robots Disrupted . | . . . . . . . . . . . . . . Combat Hostiles . | . . . . . . . . . . . . . . Robots Corrupted . | . . . . . . . . . . . . . . Combat Hostiles . | . . . . . . . . . . . . . . Parts Fried 3 | . . 3 . . . . . . . . . . . Impact Corruptions 1 | . . . . . . . . . . . . 1 . Robots Melted . | . . . . . . . . . . . . . . Combat Hostiles . | . . . . . . . . . . . . . . Parts Melted 6 | . . . . . 1 . . 1 . . . . 4 Heat Transferred 1697 | . . 100 . . 225 . . 225 . . . 222 925 Parts Sabotaged . | . . . . . . . . . . . . . . Parts Stolen . | . . . . . . . . . . . . . . Parts Stripped . | . . . . . . . . . . . . . . Power Chain Reactions 1 | . . 1 . . . . . . . . . . . Alert | -11 -10 -9 -9 -8 -7 -7 -7 -6 -5 -4 -3 -3 -2 ------- Run | Yrd Mat Mat Min Mat Fac Low Low Fac Fac Fac Res Arm Res Maximum Alert Level 1 | . . . . . . . . . . . . 1 1 Low Security (%) 92 | 100 100 100 100 100 100 . . 100 100 100 100 56 97 Level 1 7 | . . . . . . . . . . . . 43 2 Level 2 . | . . . . . . . . . . . . . . Level 3 . | . . . . . . . . . . . . . . Level 4 . | . . . . . . . . . . . . . . Level 5 . | . . . . . . . . . . . . . . High Security . | . . . . . . . . . . . . . . Max Security . | . . . . . . . . . . . . . . Peak Influence 369 | . 14 195 54 188 64 . . 110 40 125 60 369 247 Initial 176 | . . . 54 20 62 . . 25 11 4 60 4 176 Average 86 | . 2 109 54 107 25 . . 47 13 18 36 166 122 Influence Increases 2270 | . 14 426 . 248 116 90 . 205 60 135 30 525 421 Destroy 0b10 Robot/C 640 | . . 300 . 80 . . . 40 . . . 100 120 Destroy 0b10 Robot/NC 60 | . . 35 . 5 5 . . . . . . . 15 Destroy Leader 140 | . . 58 . 20 . . . . . . . 30 32 Trap Triggered on 0b10 10 | . . 10 . . . . . . . . . . . Successful Hack 37 | . 14 4 . 8 6 . . . . . . . 5 Disable Machine 45 | . . . . . . . . . . . . 30 15 Destroy Structure 183 | . . 4 . . . . . . . . . 110 69 Partial Spotted 135 | . . . . 15 45 . . 30 15 . . 15 15 Lose Combat Pursuer 1020 | . . 15 . 120 60 90 . 135 45 135 30 240 150 Influence Decreases 2199 | . 14 286 86 164 234 60 10 220 75 30 135 198 687 Entered New Map 471 | . . . 86 34 76 8 10 15 14 6 55 6 161 Time Decay 1238 | . 14 216 . 110 158 52 . 135 41 24 70 172 246 Lost Part 490 | . . 70 . 20 . . . 70 20 . 10 20 280 Squads Dispatched 24 | . . . . 1 6 . . 2 2 3 2 4 4 Investigation 2 | . . . . . 1 . . . . 1 . . . Extermination 8 | . . . . . 2 . . 1 . . 1 2 2 Reinforcement 14 | . . . . 1 3 . . 1 2 2 1 2 2 Assault . | . . . . . . . . . . . . . . Garrison . | . . . . . . . . . . . . . . Intercept . | . . . . . . . . . . . . . . Searches Triggered . | . . . . . . . . . . . . . . Construction Impeded 2 | . . . . . . . . . . 1 . . 1 Haulers Reinforced . | . . . . . . . . . . . . . . Active Scanning Responses . | . . . . . . . . . . . . . . Cargo Convoy Interrupts . | . . . . . . . . . . . . . . Stealth | -11 -10 -9 -9 -8 -7 -7 -7 -6 -5 -4 -3 -3 -2 --------- Run | Yrd Mat Mat Min Mat Fac Low Low Fac Fac Fac Res Arm Res Distress Signals 12 | . . 3 . 1 2 . . . . . . 3 3 Communications Jammed . | . . . . . . . . . . . . . . Distress Signals . | . . . . . . . . . . . . . . Times Spotted 189 | . 3 25 2 15 16 12 . 17 11 15 8 30 35 Peak Tracking Total 18 | . 3 6 2 11 5 6 . 6 7 9 6 13 18 Tactical Retreats 32 | . . 1 . 2 3 3 . 3 3 3 2 7 5 Traps | -11 -10 -9 -9 -8 -7 -7 -7 -6 -5 -4 -3 -3 -2 ------- Run | Yrd Mat Mat Min Mat Fac Low Low Fac Fac Fac Res Arm Res Traps Triggered 9 | . . . . . 1 . . 3 1 1 . 2 1 Indirectly . | . . . . . . . . . . . . . . Trap Hack Attempts . | . . . . . . . . . . . . . . Triggered . | . . . . . . . . . . . . . . Disarmed 4 | . . . . . . . . . . . . . 4 Reprogrammed 6 | . . 6 . . . . . . . . . . . Reused 1 | . . 1 . . . . . . . . . . . Traps Extracted . | . . . . . . . . . . . . . . Installed . | . . . . . . . . . . . . . . Triggered 1 | . . 1 . . . . . . . . . . . Machines | -11 -10 -9 -9 -8 -7 -7 -7 -6 -5 -4 -3 -3 -2 ---------- Run | Yrd Mat Mat Min Mat Fac Low Low Fac Fac Fac Res Arm Res Machines Disabled 3 | . . . . . . . . . . . . 2 1 Max in Single Turn 1 | . . . . . . . . . . . . 1 1 Machines Repaired . | . . . . . . . . . . . . . . Machines Dismantled . | . . . . . . . . . . . . . . Machines Sabotaged . | . . . . . . . . . . . . . . Overloaded Fab Kills . | . . . . . . . . . . . . . . Hacking | -11 -10 -9 -9 -8 -7 -7 -7 -6 -5 -4 -3 -3 -2 --------- Run | Yrd Mat Mat Min Mat Fac Low Low Fac Fac Fac Res Arm Res Machines Accessed 25 | . 2 3 . 2 10 . . 1 . 1 . 4 2 Terminals 17 | . 2 3 . 2 3 . . 1 . 1 . 4 1 Fabricators 2 | . . . . . 2 . . . . . . . . Repair Stations 2 | . . . . . 1 . . . . . . . 1 Recycling Units 2 | . . . . . 2 . . . . . . . . Scanalyzers 2 | . . . . . 2 . . . . . . . . Garrison Access . | . . . . . . . . . . . . . . Total Hacks 63 | . 4 8 . 6 24 . . 1 . 3 . 7 10 Successful 31 | . 1 4 . 3 14 . . . . 1 . 1 7 Failed 31 | . 3 4 . 3 9 . . 1 . 2 . 6 3 Catastrophic 5 | . 1 . . . 1 . . . . 1 . 2 . Database Lockouts 1 | . . . . . 1 . . . . . . . . Manual . | . . . . . . . . . . . . . . Terminals 44 | . 4 8 . 6 11 . . 1 . 3 . 7 4 Fabricators 3 | . . . . . 3 . . . . . . . . Repair Stations 8 | . . . . . 2 . . . . . . . 6 Recycling Units 4 | . . . . . 4 . . . . . . . . Scanalyzers 4 | . . . . . 4 . . . . . . . . Garrison Access . | . . . . . . . . . . . . . . Terminal Hacks 19 | . 1 4 . 3 6 . . . . 1 . 1 3 Prototype ID Bank 3 | . . 1 . 1 1 . . . . . . . . Emergency Access Points 2 | . . . . . 1 . . . . . . . 1 Alert Level 1 | . . . . . 1 . . . . . . . . Locate Traps 2 | . . 1 . . 1 . . . . . . . . Disarm Traps 1 | . . . . . . . . . . . . . 1 Reprogram Traps 1 | . . 1 . . . . . . . . . . . Dispatch Records 4 | . . 1 . 1 1 . . . . . . . 1 Transport Status 1 | . . . . . 1 . . . . . . . . Recall Reinforcements 1 | . . . . . . . . . . 1 . . . Hauler Manifests 2 | . 1 . . 1 . . . . . . . . . Zone Layout 1 | . . . . . . . . . . . . 1 . Fabricator Hacks 2 | . . . . . 2 . . . . . . . . Network Status 2 | . . . . . 2 . . . . . . . . Repair Station Hacks 6 | . . . . . 2 . . . . . . . 4 Scan Component 3 | . . . . . 1 . . . . . . . 2 Repair 3 | . . . . . 1 . . . . . . . 2 Recycling Unit Hacks 2 | . . . . . 2 . . . . . . . . Retrieve Matter 1 | . . . . . 1 . . . . . . . . Retrieve Components 1 | . . . . . 1 . . . . . . . . Scanalyzer 2 | . . . . . 2 . . . . . . . . Retrieve Study 2 | . . . . . 2 . . . . . . . . Garrison Access Hacks . | . . . . . . . . . . . . . . Unauthorized Hacks . | . . . . . . . . . . . . . . Terminals . | . . . . . . . . . . . . . . Fabricators . | . . . . . . . . . . . . . . Repair Stations . | . . . . . . . . . . . . . . Recycling Units . | . . . . . . . . . . . . . . Scanalyzers . | . . . . . . . . . . . . . . Garrison Access . | . . . . . . . . . . . . . . Data Cores Recovered 1 | . . . . 1 . . . . . . . . . Used 1 | . . . . 1 . . . . . . . . . Hacking Detections 21 | . 2 2 . 2 7 . . 1 . 1 . 4 2 Full Trace Events 1 | . . . . . 1 . . . . . . . . Feedback Events . | . . . . . . . . . . . . . . Feedback Blocked . | . . . . . . . . . . . . . . Robot Schematics Acquired . | . . . . . . . . . . . . . . Robots Built . | . . . . . . . . . . . . . . Authchips . | . . . . . . . . . . . . . . Time . | . . . . . . . . . . . . . . Total Robot Build Rating . | . . . . . . . . . . . . . . Part Schematics Acquired . | . . . . . . . . . . . . . . Parts Built . | . . . . . . . . . . . . . . Authchips . | . . . . . . . . . . . . . . Time . | . . . . . . . . . . . . . . Total Part Build Rating . | . . . . . . . . . . . . . . Part Studies Acquired 2 | . . . . . 2 . . . . . . . . Parts Repaired 3 | . . . . . 1 . . . . . . . 2 Time 174 | . . . . . 32 . . . . . . . 142 Parts Recycled . | . . . . . . . . . . . . . . Recycled Matter . | . . . . . . . . . . . . . . Retrieved Matter . | . . . . . . . . . . . . . . Retrieved Components 3 | . . . . . 3 . . . . . . . . Parts Scanalyzed . | . . . . . . . . . . . . . . Part Schematics Acquired . | . . . . . . . . . . . . . . Parts Damaged . | . . . . . . . . . . . . . . Bothacking | -11 -10 -9 -9 -8 -7 -7 -7 -6 -5 -4 -3 -3 -2 ------------ Run | Yrd Mat Mat Min Mat Fac Low Low Fac Fac Fac Res Arm Res Used RIF Installer . | . . . . . . . . . . . . . . Robots Hacked 2 | . . . . . . . . . . . 2 . . Non-combat 1 | . . . . . . . . . . . 1 . . Combat 1 | . . . . . . . . . . . 1 . . Robot Hacks Applied 3 | . . . . . . . . . . . 3 . . parse_system 2 | . . . . . . . . . . . 2 . . no_distress 1 | . . . . . . . . . . . 1 . . Relay Couplers Released . | . . . . . . . . . . . . . . Fabnet Peak Effective % . | . . . . . . . . . . . . . . Robots Rewired . | . . . . . . . . . . . . . . Allies Hacked . | . . . . . . . . . . . . . . Hacks Repelled . | . . . . . . . . . . . . . . Allies | -11 -10 -9 -9 -8 -7 -7 -7 -6 -5 -4 -3 -3 -2 -------- Run | Yrd Mat Mat Min Mat Fac Low Low Fac Fac Fac Res Arm Res Total Allies . | . . . . . . . . . . . . . . Largest Group . | . . . . . . . . . . . . . . Highest-Rated Group . | . . . . . . . . . . . . . . Highest-Rated Ally . | . . . . . . . . . . . . . . Total Orders . | . . . . . . . . . . . . . . Ally Attacks . | . . . . . . . . . . . . . . Total Damage . | . . . . . . . . . . . . . . Kills . | . . . . . . . . . . . . . . Allies Corrupted . | . . . . . . . . . . . . . . Allies Melted . | . . . . . . . . . . . . . . Intel | -11 -10 -9 -9 -8 -7 -7 -7 -6 -5 -4 -3 -3 -2 ------- Run | Yrd Mat Mat Min Mat Fac Low Low Fac Fac Fac Res Arm Res Active Infowar (turns) 364 | . . . . 52 . . . 158 . . . . 154 Optics 52 | . . . . 52 . . . . . . . . . Sensors 312 | . . . . . . . . 158 . . . . 154 Robot Analysis Total . | . . . . . . . . . . . . . . Derelict Logs Recovered 1 | . . . . . . 1 . . . . . . . Drone Launches . | . . . . . . . . . . . . . . Drone Recoveries . | . . . . . . . . . . . . . . Exploration | -11 -10 -9 -9 -8 -7 -7 -7 -6 -5 -4 -3 -3 -2 ------------- Run | Yrd Mat Mat Min Mat Fac Low Low Fac Fac Fac Res Arm Res Turns Passed 3234 | 52 148 529 4 221 383 139 17 294 104 142 148 518 535 Spaces Moved 5094 | 36 105 280 13 308 1179 513 30 513 258 289 340 722 508 Core 366 | 7 . 13 . . . . . 231 7 98 . . 10 Treads . | . . . . . . . . . . . . . . Legs 343 | 29 105 205 . . . . . . . . . . 4 Wheels . | . . . . . . . . . . . . . . Hover 1184 | . . 19 . . . . . . . . . 671 494 Flight 3201 | . . 43 13 308 1179 513 30 282 251 191 340 51 . Fastest Speed 25 | 50 120 26 26 25 25 27 27 28 37 37 35 39 42 Average Speed 44 | 106 120 123 26 27 25 27 28 43 37 41 38 49 53 Slowest Speed 520 | 120 120 520 26 105 27 27 31 114 50 50 39 260 187 Overloaded Moves . | . . . . . . . . . . . . . . Propulsion Burnouts . | . . . . . . . . . . . . . . Robots Hopped 21 | . . 1 . . 3 5 . 2 4 3 3 . . Potential Cave-ins . | . . . . . . . . . . . . . . Cave-ins Triggered . | . . . . . . . . . . . . . . Exploration Rate (%) 24 | 3 24 32 5 36 42 72 9 18 6 14 12 41 22 Regions Visited 13 Branch Regions 4 Pre-discovered Areas . | . . . . . . . . . . . . . . Known Exits Taken 4 | . 1 . . . 1 1 1 . . . . . . Unknown Exits Taken 9 | 1 . 1 1 1 . . . 1 1 1 1 1 . Scrap Searched 3 | . . . . . . 2 1 . . . . . . Spaces Dug . | . . . . . . . . . . . . . . Terrain Destroyed 88 | . . 4 . . . . . . . . . 62 22 Melee . | . . . . . . . . . . . . . . Projectile 6 | . . . . . . . . . . . . 2 4 AOE 82 | . . 4 . . . . . . . . . 60 18 Terrain Rammed . | . . . . . . . . . . . . . . Walls Destroyed . | . . . . . . . . . . . . . . Machines Disabled . | . . . . . . . . . . . . . . Actions | -11 -10 -9 -9 -8 -7 -7 -7 -6 -5 -4 -3 -3 -2 --------- Run | Yrd Mat Mat Min Mat Fac Low Low Fac Fac Fac Res Arm Res Total 5858 | 44 126 381 12 414 1243 507 38 576 262 307 360 855 733 Wait 325 | . 4 15 . 60 40 . . . 1 1 . 43 161 Move 5042 | 35 104 277 12 307 1172 503 29 508 250 283 333 721 508 Hop 18 | . . 1 . . 3 4 . 2 3 2 3 . . Pick Up 66 | 1 7 8 . 7 3 . 2 6 5 3 5 11 8 Fast Attach 63 | 6 1 6 . 6 7 . 2 5 . 2 2 14 12 Attach 54 | . . 2 . 6 1 . . 10 . 7 5 11 12 Detach 19 | . . . . 1 . . . 4 . 3 5 3 3 Swap 46 | . 5 6 . 3 8 . 1 5 . 2 . 10 6 Drop 66 | . 5 7 . 6 6 . 4 13 3 3 2 11 6 Fire 123 | 1 . 59 . 18 3 . . 6 . . . 20 16 Melee 5 | . . . . . . . . . . . 5 . . Ram 5 | . . . . . . . . 2 . 1 . 1 1 Kick 1 | 1 . . . . . . . . . . . . . Crush . | . . . . . . . . . . . . . . Escape Stasis 25 | . . . . . . . . 15 . . . 10 . Rewire . | . . . . . . . . . . . . . . Trap . | . . . . . . . . . . . . . . Miscellaneous . | . . . . . . . . . . . . . . Route ------- -11/Scrapyard -10/Materials -9/Materials -9/Mines (discovered 2 exits: *Mat / [*Zio]) -8/Materials -7/Factory -7/Lower Caves -7/Lower Caves -6/Factory (discovered 2 exits: *Fac x2) -5/Factory -4/Factory -3/Research -3/Armory -2/Research History --------- Turn | Location | Event 36 | -11/Scrapyard | Discovered new exit (range 15) 53 | -11/Scrapyard | Entered Materials 118 | -10/Materials | Discovered new exit (range 16) 162 | -10/Materials | Identified exit to Materials 201 | -10/Materials | Entered another Materials area 201 | -9/Materials | Evolved 2 slots: Propulsion x2 329 | -9/Materials | Build established: Mutant 629 | -9/Materials | Lost 4 parts (3n1w) 709 | -9/Materials | Released all parts (4) 728 | -9/Materials | Core integrity fell below 50% 728 | -9/Materials | Discovered new exit (range 9) 730 | -9/Materials | Entered Mines 731 | -9/Mines | Discovered new exit (range 10) 732 | -9/Mines | A Derelict revealed a hidden shortcut to a safe place 734 | -9/Mines | Entered Materials 734 | -8/Materials | Evolved 2 slots: Propulsion x1, Utility x1 954 | -8/Materials | Discovered new exit (range 4) 955 | -8/Materials | Entered Factory 955 | -7/Factory | Evolved 2 slots: Power x1, Utility x1 995 | -7/Factory | Repaired VTOL Module 1146 | -7/Factory | Central database locked down 1312 | -7/Factory | Build established: Sprinter 1333 | -7/Factory | Discovered new exit (range 12) 1336 | -7/Factory | Identified exit to Lower Caves 1338 | -7/Factory | Entered Lower Caves 1464 | -7/Lower Caves | Identified exit to Lower Caves 1468 | -7/Lower Caves | Spotted B-75 Beast 1474 | -7/Lower Caves | Encountered a Warlord checkpoint 1477 | -7/Lower Caves | Entered another Lower Caves area 1492 | -7/Lower Caves | Discovered new exit (range 9) 1494 | -7/Lower Caves | Identified exit to Factory 1494 | -7/Lower Caves | Entered Factory 1494 | -6/Factory | Evolved 2 slots: Utility x2 1634 | -6/Factory | Lost 3 parts (3n) 1653 | -6/Factory | Released all parts (8) 1669 | -6/Factory | Core integrity fell below 50% 1671 | -6/Factory | Discovered new exit (range 8) 1683 | -6/Factory | Lost 4 parts (2n1u1w) 1723 | -6/Factory | Core integrity fell below 20% 1786 | -6/Factory | Discovered new exit (range 5) 1788 | -6/Factory | Entered another Factory area 1788 | -5/Factory | Evolved 2 slots: Power x1, Utility x1 1877 | -5/Factory | Build established: Mutant 1889 | -5/Factory | Discovered new exit (range 7) 1892 | -5/Factory | Entered another Factory area 1892 | -4/Factory | Evolved 2 slots: Utility x1, Weapon x1 2032 | -4/Factory | Discovered new exit (range 5) 2034 | -4/Factory | Entered Research 2034 | -3/Research | Evolved 2 slots: Propulsion x1, Utility x1 2178 | -3/Research | Discovered new exit (range 16) 2182 | -3/Research | Entered Armory 2183 | -3/Armory | Met VL-GR5, who suggested a friendly competition 2660 | -3/Armory | Discovered new exit (range 12) 2700 | -3/Armory | Entered Research 2700 | -2/Research | Evolved 2 slots: Propulsion x1, Utility x1 2826 | -2/Research | Repaired Cmb. Linear Gravjet 2896 | -2/Research | Repaired Mic. Antimatter Reactor 2966 | -2/Research | Build established: Scavenger-Gunner 3022 | -2/Research | Spotted B-90 Cyclops 3036 | -2/Research | Spotted B-90 Cyclops 3092 | -2/Research | Spotted B-90 Cyclops 3103 | -2/Research | Lost 6 parts (2p2n1u1w) 3109 | -2/Research | System corruption reached 10% 3181 | -2/Research | Core integrity fell below 50% 3191 | -2/Research | Lost 16 parts (2p3n7u4w) 3228 | -2/Research | Core integrity fell below 20% 3230 | -2/Research | Released all parts (4) 3235 | -2/Research | Destroyed by S-43 Plague with Heavy Machine Gun Last Messages --------------- Penetrated by Slug. Quantum Reactor destroyed. Penetrated by Slug. Slammed into S-43 Plague. Knocked back. Cmb. Linear Gravjet destroyed. Knocked back. U-05 Engineer knocked back. U-05 Engineer destroyed. K-01 Serf collects debris. Slug penetrates Wall. System corrupted: Heat flow error (+294). Released Imp. Gyrokinetic Inverter. Released Lrn. Sensor Array. Released Cmb. Linear Gravjet. Released Adv. Target Analyzer. Slug penetrates Wall. Penetrated by Slug. Slug penetrates Antimatter Diverter. K-01 Serf collects debris. Map ----- +----------------------------------------------------+ | ????????????????????????????????????? ""??# | | ?????????????????????????????????????? ???# | | ?????????????????????????????????????? ? ????# | | ????????????????????????????????????????#/#??### | | ???????????????????????????????########## #### | | ???????????????????????????????# | | ???????????????????????????????# % | | ???????????????????????????????# % | | ???????????????????????????????# | | ???????????????????????????????# ######/### | | ???????????????????????????????# ## ##### | | ????????????????????????######## !|## ##??? | | ????????????????????????# *%## #??? | | ????????????????????????# !!## #??? | | ????????????????????????# = ## """ #??? | | ????????????????????????# = ## "" #??? | | ????????????????????????# ! ## " #??? | | ??????????????????##+???# k x ## "#??? | | ?????????????????# ??# """ u## #??? | | ?????????????????# ## """ u## ##??? | | ?????????? """ ## #???? | | ?????????????????# ## ##########???? | | ?????????????????# ??# #????????????? | | ?????????????????###/???# #????????????? | | ????????????????????????# """ #????????????? | | ????????????????????????#@ """ #????????????? | | ????????????????????????# s """ +????????????? | | ???????????????????????? s u#????????????? | | ????????????????????????# #????????????? | | ????????????????????????# s k#????????????? | | ????????????????????????#s """ #????????????? | | ????????????????????????# """ #????????????? | | ???????????????????????? """ #????????????? | | ????????????????????????## ?? +????????????? | | ?????????????????????????? ????????????????? | | ?????????????????????????? ????????????????? | | ?????????????????????????? ????????????????? | | ??????????????????????????###### k???????????????? | | ?????????????????????????????????????????????????? | | ?????????????????????????????????????????????????? | | ?????????????????????????????????????????????????? | | ?????????????????????????????????????????????????? | | ?????????????????????????????????????????????????? | | ?????????????????????????????????????????????????? | | ?????????????????????????????????????????????????? | | ?????????????????????????????????????????????????? | | ?????????????????????????????????????????????????? | | ?????????????????????????????????????????????????? | | ?????????????????????????????????????????????????? | | ?????????????????????????????????????????????????? | +----------------------------------------------------+ Best States ------------- Heat Dissipation 125 Energy Generation 90 Energy Capacity 1000 Matter Stores 300 Matter Capacity 300 Sight Range 18 Robot Scan Range 18 Terrain Scan Density 10 Power Amplification 70 Additional Mass Support 9 Armor Coverage 600 Propulsion Shielding 33 Evasion (%) 65 Melee Accuracy 8 Target Analysis 8 Offensive Hacking 10 Item Schematics ----------------- None Robot Schematics ------------------ None Fabricated ------------ Nothing Repaired ---------- VTOL Module | 28% | -7/Factory Cmb. Linear Gravjet | 9% | -2/Research Mic. Antimatter Reactor | 21% | -2/Research Studied --------- Xenon Bombardment Thruster | -7/Factory | Hacked Gatling Laser | -7/Factory | Hacked Alien Tech Used ----------------- None Achievements -------------- Can't Catch Me Dangerous Findings Dynamic Key GoHome() Hydra I Spy Junior Dev More Power To You Respectable Loadout Rockin' Loadout Shopping List Storm Trooper Challenges ------------ None Game ------ Seed VampiricSmartbombBay Manual? 0 Play Time 01:59:26 Cumulative 6.4 hours Start 2026.08.02 @ 16:41:49 End 2026.08.02 @ 18:45:35 Sessions 1 Manual Loads 0 Difficulty Rogue Special Mode None Game No. 6 Rogue 4 Adventurer 2 Explorer 0 Win Type - Total 0 Types 0/0/0/0/0/0/0/0/0/0 Lore% 2 Gallery% 11 Achievement% 12 Wizard Run 0 Options --------- Layout 0 ASCII 0 Keyboard 0 Movement Numpad Keybinds 0 Fullscreen 1 Font 24/Smallcaps Map View 76x50 Zoom Use 0% Tactical HUD 0 Map Filters NONE Filters NONE Steam 1 RUN: b9754b8d-a6c3-4bbe-ade9-9d554aa46ca0